Map: Ascension to Aiur LE

Players

IIIIIIIIIII (Lambo) - Winner!

  • Race: Zerg Zerg
  • League: Grandmaster
  • Spawn Location: 11:00

llllllllllll

  • Race: Terran Terran
  • League: Grandmaster
  • Spawn Location: 5:00

VOD

Have the link to the VOD?

Description

Time

  • Played on: Dec. 1, 2017, 1:32 p.m.
  • Length: 25:04
Show
View Real Time Build Order
Export as new Build Order

IIIIIIIIIII Zerg - Winner!

Build Orders: Hatch First 

Get SALT Encoding   

  12  0:01  Drone  
  13  0:12  Overlord  
  13  0:18  Drone  
  14  0:31  Drone x2  
  16  0:40  Drone  
  17  0:52  Hatchery  
  17  0:55  Drone  
  17  0:58  Drone  
  18  1:09  Extractor  
  17  1:13  Spawning Pool  
  17  1:17  Drone  
  17  1:20  Drone  
  18  1:28  Drone  
  19  1:42  Overlord  
  19  1:50  Drone  
  20  2:00  Queen  
  23  2:01  Zergling x2  
  23  2:03  Queen  
  23  2:04  Zergling x2  
  26  2:11  Drone  
  26  2:14  Drone  
  28  2:25  Hatchery  
  28  2:28  Drone  
  28  2:32  Drone  
  28  2:35  Drone  
  30  2:39  Metabolic Boost  
  30  2:47  Pneumatized Carapace  
  30  2:49  Drone  
  31  2:53  Overlord  
  31  2:56  Drone  
  32  2:59  Drone  
  32  3:02  Drone  
  32  3:05  Drone  
  35  3:11  Drone x2  
  37  3:13  Drone x3  
  37  3:19  Queen  
  42  3:24  Drone x2  
  44  3:27  Overlord  
  44  3:36  Queen  
  44  3:39  Drone x3  
  49  3:46  Zergling x8  
  53  3:52  Drone x2  
  53  3:54  Overlord  
  55  3:59  Queen  
  57  4:04  Overlord  
  57  4:08  Drone  
  58  4:10  Baneling Nest  
  58  4:11  Queen  
  58  4:16  Lair  
  59  4:17  Drone x2  
  59  4:20  Drone x2, Extractor  
  59  4:23  Drone x2  
  64  4:27  Drone  
  64  4:29  Drone x3  
  64  4:30  Drone  
  69  4:35  Drone x2  
  71  4:43  Spore Crawler x2, Drone x2  
  71  4:46  Drone x3  
  71  4:51  Spore Crawler  
  73  4:53  Drone  
  73  4:57  Overlord  
  74  5:02  Overlord  
  74  5:03  Evolution Chamber  
  74  5:04  Evolution Chamber, Queen, Overlord  
  74  5:05  Overlord  
  73  5:13  Baneling x4  
  73  5:15  Overlord  
  73  5:24  Drone x4  
  73  5:25  Drone x2  
  73  5:28  Drone x6  
  85  5:33  Drone x2  
  85  5:34  Drone x2  
  86  5:40  Drone  
  86  5:41  Drone  
  87  5:47  Extractor  
  87  5:48  Zergling x6, Extractor  
  87  5:49  Zergling x2  
  89  5:52  Hydralisk Den, Zerg Missile Weapons Level 1  
  89  5:55  Zerg Ground Armor Level 1  
  88  5:58  Zergling x6  
  88  6:02  Extractor  
  88  6:03  Extractor  
  89  6:09  Drone x3  
  90  6:11  Hatchery  
  90  6:14  Drone  
  90  6:15  Drone  
  91  6:19  Drone x4  
  91  6:21  Baneling x3  
  91  6:22  Baneling  
  95  6:26  Zergling x6  
  95  6:29  Zergling x6  
  95  6:31  Zergling x2  
  95  6:32  Zergling x2  
  96  6:34  Zergling x2  
  89  6:41  Drone x2  
  89  6:43  Drone  
  87  6:52  Drone x2  
  89  6:57  Drone  
  90  7:05  Centrifical Hooks, Muscular Augments  
  88  7:23  Hydralisk x4  
  95  7:30  Drone  
  95  7:31  Queen, Drone  
  95  7:33  Drone  
  95  7:34  Overlord x2  
  95  7:35  Overlord  
  100  7:38  Hydralisk x5  
  100  7:43  Hydralisk  
  112  7:49  Overlord  
  112  7:52  Overlord  
  112  7:56  Hydralisk x4  
  120  8:01  Zergling x12  
  126  8:08  Hydralisk  
  126  8:09  Zergling x4, Hydralisk x2  
  126  8:10  Zergling x4  
  135  8:14  Overseer  
  135  8:22  Hydralisk x2  
  135  8:23  Zergling x2, Hydralisk x2  
  135  8:25  Hatchery  
  143  8:34  Overlord x3  
  143  8:36  Overlord  
  143  8:39  Overlord  
  143  8:40  Overlord  
  143  8:47  Overlord  
  143  8:50  Overlord  
  143  8:57  Baneling  
  143  8:58  Baneling x18  
  143  9:03  Overlord  
  143  9:06  Hydralisk x3  
  143  9:07  Zergling x8  
  150  9:15  Zergling x2, Hydralisk x2  
  150  9:16  Zergling x4  
  140  9:26  Hydralisk x2  
  140  9:29  Hydralisk x2  
  140  9:30  Hydralisk  
  132  9:34  Hydralisk x3  
  118  9:42  Queen, Drone x5  
  123  9:48  Infestation Pit  
  122  9:54  Drone x3  
  122  9:55  Drone  
  122  9:56  Zerg Missile Weapons Level 2  
  125  10:08  Drone x5  
  125  10:11  Spine Crawler  
  125  10:12  Drone x4  
  133  10:18  Drone x2  
  135  10:28  Zergling x14  
  141  10:33  Hive  
  140  10:36  Extractor  
  140  10:38  Extractor  
  140  10:39  Drone x3  
  140  10:40  Drone x3  
  140  10:42  Zerg Ground Armor Level 2  
  144  11:01  Zergling x2, Hydralisk x3  
  144  11:02  Zergling x16  
  158  11:07  Hatchery  
  157  11:18  Zergling x2, Hydralisk x2  
  159  11:19  Zergling x8  
  166  11:30  Queen  
  166  11:31  Spore Crawler  
  164  11:39  Queen  
  166  11:53  Viper x5  
  178  11:54  Ultralisk Cavern  
  178  11:57  Drone x2  
  178  11:58  Drone x2  
  181  12:09  Evolution Chamber  
  181  12:11  Evolution Chamber  
  181  12:12  Evolution Chamber  
  178  12:19  Zerg Missile Weapons Level 3, Hydralisk x5  
  178  12:20  Zergling x8  
  192  12:25  Overlord  
  192  12:30  Baneling x14  
  192  12:31  Baneling x10  
  192  12:34  Overlord  
  192  12:35  Hydralisk x2  
  192  12:36  Zergling x8  
  195  12:47  Hydralisk x3  
  192  12:53  Zergling x2, Hydralisk  
  192  12:54  Zergling x12  
  192  12:55  Extractor  
  196  12:58  Extractor  
  193  13:06  Hydralisk x3  
  193  13:07  Hatchery  
  192  13:15  Hydralisk  
  192  13:16  Zergling x4, Hydralisk x7  
  181  13:20  Hydralisk  
  168  13:33  Chitinous Plating  
  168  13:43  Zerg Ground Armor Level 3  
  168  13:44  Zergling x16  
  168  13:45  Zergling x4  
  168  13:47  Queen  
  180  13:58  Spine Crawler, Drone x3  
  180  14:00  Evolution Chamber  
  180  14:02  Evolution Chamber  
  178  14:04  Evolution Chamber  
  178  14:09  Ultralisk  
  183  14:10  Hydralisk x2  
  187  14:17  Overseer  
  187  14:18  Overseer  
  187  14:21  Drone x2  
  187  14:22  Drone x2  
  188  14:27  Spine Crawler  
  188  14:30  Hydralisk x4  
  195  14:50  Adrenal Glands  
  190  14:56  Zerg Melee Weapons Level 1  
  190  14:57  Extractor  
  188  15:01  Ultralisk, Extractor  
  188  15:02  Hydralisk x3  
  199  15:16  Hatchery  
  197  15:27  Zergling x2  
  197  15:34  Spire  
  196  15:35  Queen  
  198  15:47  Zergling x4  
  198  15:48  Zergling x2  
  194  16:24  Viper x2  
  194  16:35  Evolution Chamber  
  194  16:36  Evolution Chamber x2  
  194  16:37  Evolution Chamber  
  194  16:39  Evolution Chamber  
  188  16:46  Greater Spire  
  187  16:54  Zerg Melee Weapons Level 2  
  173  17:29  Corruptor x10  
  188  17:37  Drone x2  
  188  17:47  Zergling x8  
  183  18:12  Brood Lord  
  189  18:13  Brood Lord x7  
  189  18:14  Zerg Flyer Armor Level 1  
  199  18:22  Spire  
  198  18:33  Brood Lord  
  198  18:38  Spore Crawler  
  198  18:40  Brood Lord  
  197  18:51  Viper  
  197  19:12  Drone x2  
  190  19:26  Corruptor x6  
  199  19:48  Zerg Flyer Weapons Level 1  
  199  20:13  Zerg Flyer Armor Level 2, Pathogen Glands  
  199  20:14  Zerg Melee Weapons Level 3  
  199  20:17  Extractor  
  198  20:36  Overlord  
  192  20:53  Burrow  
  172  20:57  Corruptor x10  
  172  20:58  Corruptor x4  
  172  21:00  Infestor  
  200  21:09  Neural Parasite  
  200  21:13  Spine Crawler  
  199  21:22  Spine Crawler x2  
  199  21:24  Spore Crawler  
  199  21:25  Spine Crawler  
  195  21:36  Brood Lord x2  
  195  21:51  Brood Lord x2  
  197  21:55  Infestor  
  195  22:10  Infestor  
  195  22:11  Infestor  
  199  22:20  Zergling x2  
  189  23:23  Corruptor x2, Hydralisk x9  
  189  23:24  Corruptor x7  
  191  23:30  Corruptor x7  
  155  24:02  Hydralisk x7  
  130  24:18  Brood Lord x2  
  134  24:25  Infestor  
Show
View Real Time Build Order
Export as new Build Order

llllllllllll Terran 

Build Orders: Command Center First (CC), Liberator Opening, Mech 

Get SALT Encoding   

  12  0:00  SCV  
  13  0:13  SCV  
  14  0:17  Supply Depot  
  14  0:25  SCV  
  15  0:38  SCV  
  16  0:50  SCV  
  17  0:59  Command Center  
  17  1:03  SCV  
  18  1:13  Barracks  
  18  1:16  SCV  
  19  1:21  Refinery  
  19  1:28  SCV  
  19  1:30  Refinery  
  20  1:40  SCV  
  21  1:52  SCV  
  22  2:02  Reaper  
  22  2:05  Orbital Command  
  23  2:11  Orbital Command  
  23  2:19  Factory  
  23  2:30  Refinery, SCV  
  23  2:36  Barracks Reactor  
  24  2:37  SCV  
  24  2:42  SCV  
  26  2:49  SCV  
  27  2:55  SCV  
  28  3:01  SCV  
  28  3:04  Starport  
  29  3:06  Starport  
  29  3:07  SCV  
  30  3:15  SCV  
  30  3:17  Supply Depot  
  30  3:19  Hellion x2, SCV  
  36  3:24  Barracks Tech Lab  
  36  3:27  Liberator  
  36  3:28  Supply Depot  
  36  3:29  SCV  
  36  3:31  SCV  
  38  3:35  Liberator  
  38  3:40  Hellion  
  38  3:41  SCV  
  44  3:49  Hellion  
  49  3:57  SCV x2  
  51  4:05  Supply Depot  
  51  4:07  Armory  
  51  4:09  SCV x2  
  53  4:14  Liberator  
  53  4:21  Supply Depot  
  53  4:22  SCV  
  54  4:27  Supply Depot, Hellion x2, SCV  
  59  4:33  Liberator  
  59  4:35  SCV  
  62  4:43  SCV  
  63  4:49  Hellion x2, SCV  
  71  4:54  Supply Depot  
  71  4:55  SCV  
  71  4:57  Terran Vehicle Weapons Level 1  
  72  5:01  SCV  
  73  5:08  Command Center  
  73  5:10  SCV  
  73  5:13  SCV  
  73  5:14  Hellion  
  77  5:18  Hellion  
  79  5:22  SCV  
  79  5:25  SCV  
  79  5:27  Liberator  
  78  5:32  Factory  
  78  5:34  Factory, SCV  
  71  5:37  Hellion  
  71  5:39  Hellion  
  71  5:42  SCV  
  69  5:43  Refinery, Barracks Tech Lab  
  72  5:52  SCV  
  72  5:53  Supply Depot  
  72  5:54  SCV  
  74  5:58  Hellion  
  74  6:00  Hellion  
  74  6:01  Supply Depot  
  79  6:04  SCV  
  79  6:06  SCV  
  80  6:16  SCV  
  80  6:18  SCV  
  82  6:20  Hellion  
  82  6:22  Hellion  
  55  6:25  Orbital Command  
  83  6:28  SCV  
  83  6:30  SCV  
  80  6:34  Thor x2  
  80  6:39  Medivac x2  
  94  6:40  SCV  
  94  6:42  SCV  
  94  6:45  Hellion  
  94  6:46  Hellion  
  94  6:47  Refinery  
  94  6:49  Refinery  
  94  6:52  SCV x2  
  94  6:54  Terran Vehicle And Ship Armor Level 1, SCV  
  94  6:56  Armory  
  95  7:04  SCV x2  
  95  7:06  SCV  
  98  7:10  Hellion x2  
  102  7:16  Factory x2, SCV  
  102  7:17  SCV  
  102  7:19  SCV  
  102  7:22  Supply Depot, Siege Tank  
  108  7:24  Supply Depot  
  108  7:27  Siege Tank  
  108  7:28  SCV  
  108  7:29  SCV  
  113  7:36  Supply Depot  
  113  7:37  Supply Depot  
  113  7:39  Infernal Pre-Igniter  
  113  7:43  Hellion x2  
  113  7:44  Supply Depot  
  117  7:54  Siege Tank, Terran Vehicle Weapons Level 2  
  120  8:02  Factory Reactor  
  120  8:03  Factory Tech Lab  
  120  8:04  Hellion x2  
  122  8:05  Command Center  
  122  8:07  Supply Depot x2, Engineering Bay  
  122  8:09  Liberator  
  122  8:16  Liberator  
  122  8:23  Siege Tank x2  
  122  8:26  Hellion x2  
  138  8:44  Supply Depot  
  138  8:47  Hellion x2  
  138  8:48  Hellion x2, Siege Tank  
  149  8:51  Supply Depot  
  149  8:52  Supply Depot  
  147  8:59  Missile Turret  
  147  9:00  Terran Vehicle And Ship Armor Level 2  
  147  9:02  Missile Turret  
  147  9:08  Hellion x2  
  151  9:20  Siege Tank  
  151  9:22  Missile Turret  
  152  9:29  Siege Tank  
  126  9:32  SCV  
  126  9:33  Hellion  
  126  9:35  SCV  
  126  9:38  Orbital Command  
  110  9:39  Liberator  
  110  9:41  Hellion x3, Siege Tank  
  110  9:44  SCV  
  116  9:47  SCV  
  116  9:52  Siege Tank  
  120  9:56  Command Center, SCV  
  124  10:01  SCV  
  124  10:06  SCV  
  124  10:08  Refinery x2, SCV  
  124  10:13  SCV  
  126  10:14  Engineering Bay  
  126  10:15  Hellion x2  
  126  10:16  Hellion  
  126  10:18  SCV  
  126  10:20  Siege Tank  
  136  10:25  SCV  
  136  10:26  SCV  
  138  10:29  Liberator x2  
  138  10:30  SCV  
  139  10:38  SCV x2  
  139  10:42  SCV  
  148  10:50  SCV  
  148  10:51  Hellion  
  148  10:52  Hellion x3  
  148  10:55  Siege Tank  
  148  10:56  Siege Tank  
  165  10:57  Hellion  
  165  11:08  Sensor Tower  
  165  11:09  Terran Vehicle Weapons Level 3  
  168  11:12  Planetary Fortress  
  165  11:20  Hellion  
  165  11:21  Hellion x3, Siege Tank  
  176  11:28  Hellion  
  176  11:36  Refinery  
  176  11:40  Siege Tank x2  
  176  11:42  Hellion x4  
  176  11:44  Smart Servos  
  190  12:04  Command Center  
  190  12:06  Hellion x2  
  194  12:10  Siege Tank  
  196  12:16  Supply Depot  
  196  12:17  Starport Tech Lab  
  196  12:18  Fusion Core  
  196  12:21  Starport Reactor  
  187  12:24  Command Center  
  187  12:29  Hellion  
  191  12:30  Hellion  
  191  12:31  Siege Tank  
  191  12:34  Terran Vehicle And Ship Armor Level 3  
  194  12:41  Liberator x2  
  192  12:47  Hellion  
  192  12:48  Siege Tank  
  197  12:57  Liberator  
  192  13:18  Hellion x2  
  192  13:19  Siege Tank x2  
  157  13:20  Siege Tank  
  157  13:21  Hellion  
  157  13:24  Liberator  
  130  13:32  Hellion  
  132  13:34  Command Center  
  132  13:36  Starport  
  132  13:38  Command Center  
  132  13:39  Hellion  
  134  13:41  Liberator x2  
  134  13:42  Missile Turret  
  134  13:45  Missile Turret  
  134  13:48  Hellion x2  
  141  13:50  Planetary Fortress  
  141  13:51  Siege Tank x2  
  141  13:52  Orbital Command  
  141  13:53  Hellion  
  147  14:01  Hellion  
  149  14:12  Sensor Tower, Advanced Ballistics, Missile Turret, Starport Reactor  
  149  14:17  Refinery x2  
  149  14:18  Terran Ship Weapons Level 1  
  149  14:24  Hellion x3  
  153  14:34  Siege Tank  
  156  14:39  Siege Tank  
  156  14:45  SCV x4  
  162  14:47  Orbital Command  
  152  15:04  Viking x2  
  152  15:05  Viking x2  
  160  15:10  Orbital Command  
  160  15:14  Viking  
  160  15:17  Liberator x2  
  155  15:34  Viking, Thor x3  
  181  15:38  SCV x3  
  181  15:39  SCV x3  
  183  15:44  Viking  
  183  15:46  Missile Turret  
  185  15:51  Sensor Tower  
  185  16:03  Liberator x2  
  153  16:18  Siege Tank x2  
  153  16:25  Viking x2  
  154  16:39  Missile Turret  
  150  16:40  Hellion, Siege Tank  
  150  16:41  Missile Turret  
  150  16:42  Liberator x2  
  150  16:43  Liberator  
  154  16:50  Siege Tank x2  
  154  16:51  Hellion x2  
  173  17:01  Terran Ship Weapons Level 2  
  173  17:07  Liberator x2  
  173  17:30  Hellion x3, Siege Tank x2  
  173  17:33  Hellion  
  173  17:34  Siege Tank  
  188  17:44  Liberator x2  
  172  18:00  Hellion x2  
  172  18:02  Siege Tank x2  
  172  18:04  Command Center  
  184  18:13  Missile Turret  
  184  18:15  Missile Turret  
  184  18:16  Missile Turret x2  
  184  18:17  Hellion  
  184  18:19  Hi-Sec Auto Tracking  
  186  18:22  Hellion, Factory Reactor  
  186  18:26  Hellion  
  190  18:28  Viking x3  
  188  18:36  Missile Turret x2  
  188  18:51  Viking x2  
  184  18:58  Viking x3  
  166  19:21  Viking x2  
  166  19:28  Viking x2  
  166  19:30  Viking  
  168  19:32  Hellion x3  
  168  19:35  Siege Tank  
  168  19:36  Terran Ship Weapons Level 3  
  175  19:48  Hellion x2, Siege Tank  
  175  19:51  Viking x2  
  186  19:56  Hellion x2  
  186  19:58  Viking  
  192  20:01  Raven  
  192  20:02  Starport  
  191  20:07  Corvid Reactor  
  188  20:19  Refinery  
  188  20:22  Refinery  
  188  20:27  Hellion x3  
  185  20:46  Starport Tech Lab, Raven  
  172  21:00  Orbital Command, Hellion x4  
  179  21:07  Raven  
  181  21:14  SCV x6  
  187  21:26  SCV x5  
  187  21:28  Raven  
  188  21:47  Hellion x2, Siege Tank  
  188  21:50  Raven, Siege Tank  
  178  22:11  Raven  
  178  22:12  Refinery  
  178  22:14  Command Center  
  178  22:21  Hellion x3, Siege Tank  
  187  22:25  Command Center  
  187  22:26  Hellion  
  189  22:32  Raven  
  167  22:56  Viking x2, Raven  
  173  23:02  Viking x2  
  176  23:07  Hellion  
  172  23:15  Raven  
  164  23:26  Viking x2  
  128  23:29  Hellion  
  128  23:32  Viking  
  116  23:39  Raven  
  108  23:44  Viking  
  99  23:58  Raven  
  101  24:05  Orbital Command  
  101  24:07  Hellion x2  
  98  24:13  Hellion  
  90  24:20  Viking x2  
  87  24:31  Hellion, Siege Tank  
Tags
 
Add a new tag
Caveats
  • Supply blocks, unpowered buildings, or Contaminate may cause inaccurate times.
  • Supply counts are checked every 10 seconds.